 Dungeon Crawl Stone Soup version 0.31-a0-1626-g5cb510d322 (webtiles) character file.

Game seed: 12909849296467994200

21 Dainean the Firebug (level 2, -2/20 HPs)
             Began as a Hill Orc Fire Elementalist on Jan 11, 2024.
             Slain by a gnoll
             ... wielding a +0 spear
              (5 damage)
             ... on level 2 of the Dungeon.
             The game lasted 00:04:09 (68 turns).

Dainean the Firebug (Hill Orc Fire Elementalist)      Turns: 68, Time: 00:04:10

Health: -2/20      AC:  2    Str: 10    XL:     2   Next: 87%
Magic:  1/4        EV: 12    Int: 15    God:
Gold:   0          SH:  0    Dex: 11    Spells: 3/4 levels left

rFire   . . .        (no weapon)
rCold   . . .        (no shield)
rNeg    . . .        a - +0 robe
rPois   .            (no helmet)
rElec   .            (no cloak)
rCorr   .            (no gloves)
SInv    .            (no boots)
Will    .....        (no amulet)
Stlth   ++           (no ring)
HPRegen 0.23/turn    (no ring)
MPRegen 0.09/turn

%: no passive effects
@: no status effects
A: no striking features
a: no special abilities


You were on level 2 of the Dungeon.
You visited 1 branch of the dungeon, and saw 2 of its levels.

Inventory:

Armour
 a - a +0 robe (worn)
Potions
 b - a potion of magic


   Skills:
 + Level 1.8 Dodging
 + Level 1.9 Stealth
 + Level 1.8 Spellcasting
 + Level 1.4 Conjurations
 + Level 3.5 Fire Magic


You had 3 spell levels left.
You knew the following spells:

 Your Spells              Type           Power      Damage    Failure   Level
a - Foxfire               Conj/Fire      32%        2x1d5     9%          1

Your spell library contained the following spells:

 Spells                   Type           Power      Damage    Failure   Level
 Scorch                   Fire           22%        2d5       9%          2
 Inner Flame              Hex/Fire       6%         N/A       32%         3
 Volatile Blastmotes      Fire/Tloc      12%        2d11      32%         3
 Flame Wave               Conj/Fire      8%         2d5       63%         4


Dungeon Overview and Level Annotations

Branches:
Dungeon (2/15)

Altars:


Message History

Casting: Foxfire (safe; 9% risk of failure)
Confirm with . or Enter, or press ? or * to list all spells.
You conjure some foxfire!
The ball python barely misses you. The ball python closely misses you.
Your quokka bites the gnoll.
Your kobold hits the gnoll but does no damage.
The foxfire hits the ball python.
The ball python is moderately wounded.
The foxfire hits the ball python.
You kill the ball python!
The gnoll barely misses your quokka.
Your quokka bites the gnoll.
The gnoll dies!
Your kobold barely misses the gnoll.
The gnoll barely misses your quokka.
Your quokka misses the gnoll.
Your kobold barely misses the gnoll.
Casting: Foxfire (safe; 9% risk of failure)
Confirm with . or Enter, or press ? or * to list all spells.
You don't have enough magic to cast this spell.
Your quokka bites the gnoll but does no damage.
The gnoll closely misses your quokka.
Your kobold hits the gnoll but does no damage.
Your quokka barely misses the gnoll.
The gnoll attacks as it pursues you! The gnoll hits you with a +0 whip.
Your quokka barely misses the gnoll.
Your quokka barely misses the gnoll.
The gnoll barely misses your kobold.
Your quokka bites the gnoll.
The gnoll attacks as it pursues you! The gnoll closely misses you.
Your quokka barely misses the gnoll.
Your kobold dissolves into shadows!
The gnoll barely misses you. The gnoll closely misses you.
The gnoll hits you from afar with a +0 spear!
* * * LOW HITPOINT WARNING * * *
Your quokka bites the gnoll.
The gnoll barely misses you. The gnoll closely misses you.
Your quokka bites the gnoll.
The gnoll attacks as it pursues you! The gnoll barely misses you.
Your quokka barely misses the gnoll.
The gnoll barely misses you.
Your quokka barely misses the gnoll.
The gnoll hits you with a +0 spear.
You die...

#.>.).#.#
#.#.#...#.#
#.........#
#####...### .
#...# #
#.####...#####..
................
................
.......r@.......
#.####.gg#####.#
. #...# . #...#
#...# #...#
#...# ......
..##.##.


You could see 2 gnolls and a friendly quokka (summoned).

Vanquished Creatures
  An adder (D:2)
  A ball python (D:2)
2 creatures vanquished.

Vanquished Creatures (collateral kills)
  A gnoll (D:2)
1 creature vanquished.

Vanquished Creatures (others)
  8 foxfires (D:2)
8 creatures vanquished.

Grand Total: 11 creatures vanquished

Notes
Turn   | Place    | Note
-------+----------+-------------------------------------------
     0 | D:1      | Dainean the Hill Orc Fire Elementalist began the quest for
                  | the Orb.
     0 | D:1      | Reached XP level 1. HP: 14/14 MP: 3/3
    40 | D:2      | Reached XP level 2. HP: 11/20 MP: 0/4
    68 | D:2      | Slain by a gnoll

Illustrated notes

Levels and vault maps discovered:
D:1:      heliophobic_arrival_henge, layout_rooms, serial_shops,
          nicolae_shop_stone, kennysheep_another_room, serial_bayou_pond_e
D:2:      layout_loops_cross, st_stairs_8, minmay_pentomino_o4, uniq_robin

Action                     || total
---------------------------++-------
  Melee: Unarmed           ||     1
   Cast: Foxfire           ||     4
    Use: Scroll            ||     1
 Armour: Robe              ||     6
  Dodge: Dodged            ||     9

Table legend: (Time is in decaauts)
 A = Elapsed time spent in this place.
 B = Non-inter-level travel time spent in this place.
 C = Inter-level travel time spent in this place.
 D = Time resting spent in this place.
 E = Time spent auto-exploring this place.
 F = Levels seen in this place.
 G = Mean time per level.
                   A        B        C        D        E       F      G
               +--------+--------+--------+--------+--------+-----+--------+
         Total |     67 |     67 |      0 |      0 |      4 |   2 |   33.5 |
       Dungeon |     67 |     67 |      0 |      0 |      4 |   2 |   33.5 |
               +--------+--------+--------+--------+--------+-----+--------+

Top non-repeatable levels by time:
     D:2: 35 daAuts
     D:1: 32 daAuts
